 Dungeon Crawl Stone Soup version 0.29-a0-330-g52719c12eb (webtiles) character file.

Game seed: 12595546860535214686

45 Anon1729 the Ruffian (level 3, -7/29 HPs)
             Began as a Draconian Transmuter on Apr 20, 2022.
             Killed by nerve-wracking pain
             ... invoked by an orc priest
              (14 damage)
             ... on level 3 of the Dungeon.
             The game lasted 00:01:42 (1836 turns).

Anon1729 the Ruffian (Draconian Transmuter)         Turns: 1836, Time: 00:01:43

Health: -7/29      AC:  2    Str: 12    XL:     3   Next: 42%
Magic:  3/6        EV: 19    Int: 21    God:
Gold:   97         SH:  0    Dex: 16    Spells: 0/6 levels left

rFire   . . .      SeeInvis .     - Unarmed
rCold   + . .      Faith    .   (shield currently unavailable)
rNeg    . . .      Spirit   .   (body armour unavailable)
rPois   x          Reflect  .   (helmet currently unavailable)
rElec   .          Harm     .   (cloak currently unavailable)
rCorr   .          Rampage  .   (gloves currently unavailable)
Will    .....                   (boots currently unavailable)
Stlth   +.........              (no amulet)
HPRegen 0.09/turn               g - +6 ring of intelligence
MPRegen 0.10/turn               l - ring of protection from cold

@: spider-form (expiring)
A: venomous fangs, AC +5, tiny, unfitting armour, (cold-blooded)
a: End Transformation


You were on level 3 of the Dungeon.
You were a venomous arachnid creature.
You visited 1 branch of the dungeon, and saw 3 of its levels.

You collected 97 gold pieces.

Inventory:

Missiles
 j - a throwing net
Armour
 h - a +0 pair of gloves (melded)
Jewellery
 g - a +6 ring of intelligence (left front leg)
 l - a ring of protection from cold (right front leg)
Scrolls
 c - 5 scrolls of identify {unknown}
 i - a scroll of enchant weapon {unknown}
Potions
 a - a potion of lignification
 b - a potion of haste {unknown}
 d - a potion of mutation {unknown}
 e - a potion of ambrosia {unknown}
 f - a potion of berserk rage {unknown}
 k - 4 potions of might {unknown}


   Skills:
 + Level 1.8 Fighting
 + Level 2.2 Dodging
 + Level 3.3 Unarmed Combat
 + Level 2.3 Spellcasting
 + Level 2.5 Transmutations


You couldn't memorise any spells.
You knew the following spells:

 Your Spells              Type           Power      Damage    Failure   Level
a - Beastly Appendage     Tmut           26%        N/A       14%         1
b - Wereblood             Tmut           13%        N/A       21%         2
c - Spider Form           Tmut/Pois      7%         N/A       47%         3

Your spell library contained the following spells:

 Spells                   Type           Power      Damage    Failure   Level
 Ice Form                 Ice/Tmut       7%         N/A       82%         4


Dungeon Overview and Level Annotations

Branches:
Dungeon (3/15)

Altars:


Innate Abilities, Weirdness & Mutations

You are a venomous arachnid creature.
You have poisonous fangs.
You are tiny and dextrous.
Your spellcasting is less reliable in this form.
Your armour is entirely melded.
You are incapable of wielding weapons or throwing items.
((Your plain brown scales are hard. (AC +5)))
You cannot fit into any form of body armour.
((You are cold-blooded and may be slowed by cold attacks.))


Message History

The orc moves out of view.
There are monsters nearby!
There are monsters nearby!
You see here a quokka corpse.
Casting: Beastly Appendage (safe; 4% risk of failure)
Confirm with . or Enter, or press ? or * to list all spells.
The spell is quite dangerous to miscast (26% risk of failure)!
Continue anyway?
Your horns disappear.
Your talons disappear.
You turn into a venomous arachnid creature.
Your +0 pair of gloves melds into your body.
The orc completely misses you.
You hit the orc.
The orc is lightly wounded.
The orc hits you with a +0 whip.
You barely miss the orc. The orc completely misses you.
The orc priest completely misses you.
You barely miss the orc priest.
Your transformation is almost over.
The orc priest invokes the aid of Beogh against you.
Beogh smites you!
You hear a shout!
You hit the orc priest but do no damage.
The orc priest is poisoned.
An orc comes into view. It is wielding a +0 dagger.
The orc priest hits you with a +0 flail.
You barely miss the orc priest.
The orc priest is moderately wounded.
The orc priest misses you. The orc misses you.
You hit the orc priest.
The orc priest is severely wounded.
The orc priest barely misses you. The orc closely misses you.
The orc priest attacks as you move away!
The orc priest hits you with a +0 flail!
* * * LOW HITPOINT WARNING * * *
You hit the orc priest but do no damage.
The orc priest looks even sicker.
The orc priest is almost dead.
The orc priest invokes the aid of Beogh against you.
Pain shoots through your body!
You die...

..#.......##..#..
.# ....##..###
... .#)
.....#..####.# .
...
.............#
#.#####.##.######
....##......#
#..##......#
#.#.o##......#
#..ooos......#
#.#K####.....# #.
####### .. .## #K
#


You could see an orc priest (very poisoned), 3 orcs and a kobold.

Vanquished Creatures
  A gnoll (D:1)
  A worm (D:2)
  An endoplasm (D:2)
  A giant cockroach (D:1)
  4 goblins
  7 hobgoblins
  2 jackals (D:1)
  A quokka (D:3)
  3 ball pythons (D:1)
  2 bats (D:2)
  A frilled lizard (D:2)
  4 kobolds
  A rat (D:2)
29 creatures vanquished.

Vanquished Creatures (others)
  3 plants (D:1)
  4 toadstools (D:1)
7 creatures vanquished.

Grand Total: 36 creatures vanquished

Notes
Turn   | Place    | Note
-------+----------+-------------------------------------------
     0 | D:1      | Anon1729 the Draconian Transmuter began the quest for the
                  | Orb.
     0 | D:1      | Reached XP level 1. HP: 16/16 MP: 3/3
   208 | D:1      | Reached XP level 2. HP: 17/23 MP: 3/5
  1184 | D:2      | Reached XP level 3. HP: 29/29 MP: 4/6
  1567 | D:2      | Learned a level 2 spell: Wereblood
  1571 | D:2      | Learned a level 3 spell: Spider Form
  1836 | D:3      | Killed from afar by an orc priest

Illustrated notes

Levels and vault maps discovered:
D:1:      ldierk_walled_garden_2, layout_basic, minmay_tall_x
D:2:      layout_loops_cross, minmay_pentomino_t2
D:3:      layout_loops_cross, tgw_sif, hex_large, uniq_natasha

Skill      XL: |  1  2 |
---------------+-------+-----
Dodging        | 2 |  2.2
Fighting       | |  1.8
Unarmed Combat | |  3.3
Spellcasting   | |  2.3
Transmutations | |  2.5

Action                   || total
-------------------------++-------
Melee: Unarmed           ||    75
       Kick              ||    10
       Tailslap          ||     8
       Punch             ||     4
       Headbutt          ||     4
 Cast: Beastly Appendage ||    15
       Spider Form       ||     1
Armor: Skin              ||    22
Dodge: Dodged            ||    49

Table legend: (Time is in decaauts)
 A = Elapsed time spent in this place.
 B = Non-inter-level travel time spent in this place.
 C = Inter-level travel time spent in this place.
 D = Time resting spent in this place.
 E = Time spent auto-exploring this place.
 F = Levels seen in this place.
 G = Mean time per level.
                   A        B        C        D        E       F      G
               +--------+--------+--------+--------+--------+-----+--------+
         Total |   1829 |   1753 |     76 |     13 |   1529 |   3 |  609.7 |
       Dungeon |   1829 |   1753 |     76 |     13 |   1529 |   3 |  609.7 |
               +--------+--------+--------+--------+--------+-----+--------+

Top non-repeatable levels by time:
     D:1: 1168 daAuts
     D:2: 628 daAuts
     D:3: 32 daAuts
